[Event "Titled Tuesday Blitz May 17 Early 2022"]
[White "Yang, Kaiqi"]
[Black "Antipov, Mikhail Al."]
[WhiteFideId "8604398"]
[BlackFideId "4107012"]
[WhiteElo "2373"]
[BlackElo "2512"]
[Result "0-1"]
[Round "04"]
[TimeControl "180+1"]
[Date "2022.05.17"]
[WhiteClock "0:00:02"]
[BlackClock "0:00:02"]

1. d4 Nf6 2. c4 g6 3. h4 Nc6 4. Nc3 d6 5. e4 Bg7 6. Nge2 O-O 7. f3 e5 8. d5 Nd4 9. Be3 c5 10. dxc6 bxc6 11. Nxd4 exd4 12. Bxd4 d5 13. cxd5 cxd5 14. e5 Nh5 15. Qb3 Ng3 16. Rg1 Be6 17. O-O-O Rb8 18. Qa4 Qxh4 19. Bc5 Qh6+ 20. Kb1 Rfc8 21. Bd6 Qe3 22. Bb5 Rb6 23. Rge1 Qf2 24. Ka1 a6 25. Be2 Rxc3 26. bxc3 h5 27. Qc2 Bf5 28. Qd2 Rxd6 29. exd6 Qc5 30. Rc1 d4 31. Qb2 dxc3 32. Qc2 Bxc2 33. Rxc2 Qxd6 34. Rec1 Qd2 0-1


[Site "https://www.chess.com"]

[Event "Titled Tuesday Blitz May 17 Early 2022"]
[White "Yuan, Qingyu"]
[Black "Maltsevskaya, Aleksandra"]
[WhiteFideId "8609772"]
[BlackFideId "24174041"]
[WhiteElo "2359"]
[BlackElo "2235"]
[Result "1-0"]
[Round "04"]
[TimeControl "180+1"]
[Date "2022.05.17"]
[WhiteClock "0:00:06"]
[BlackClock "0:00:03"]

1. e4 c5 2. Nf3 e6 3. b3 Nc6 4. Bb2 b6 5. d4 cxd4 6. Nxd4 Qf6 7. c3 Bb7 8. Nd2 Bc5 9. b4 Nxb4 10. N2b3 Bxe4 11. cxb4 Bxb4+ 12. Nd2 Ne7 13. a3 Ba5 14. Qe2 Bb7 15. O-O-O Rc8+ 16. Kb1 O-O 17. Qg4 Nd5 18. Ne4 Nc3+ 19. Nxc3 Bxc3 20. Bc1 Rc5 21. Nb3 Rg5 22. Qxg5 Qxf2 23. Bd2 Be4+ 24. Ka2 Bc2 25. Rc1 Bxb3+ 26. Kxb3 Bxd2 27. Rc2 Qe1 28. Qxd2 Qb1+ 29. Rb2 Qe4 30. Bd3 Qd5+ 31. Bc4 Qf5 32. Qd3 Qg4 33. Ka2 d5 34. Bb3 Rc8 35. Qf3 Qg5 36. Rf1 f5 37. h4 Qf6 38. Qe3 h6 39. Rc2 Rd8 40. g4 f4 41. Rxf4 Qxh4 42. Qxe6+ Kh8 43. Bxd5 Qg5 44. Rf5 Qe3 45. Qxe3 1-0


[Site "https://www.chess.com"]

[Event "Titled Tuesday Blitz May 17 Early 2022"]
[White "Zakhartsov, Vladimir"]
[Black "Bortnyk, Olexandr"]
[WhiteFideId "4145097"]
[BlackFideId "14120828"]
[WhiteElo "2428"]
[BlackElo "2723"]
[Result "0-1"]
[Round "04"]
[TimeControl "180+1"]
[Date "2022.05.17"]
[WhiteClock "0:00:03"]
[BlackClock "0:00:04"]

1. d4 d6 2. e4 Nf6 3. Nc3 Nbd7 4. Nf3 e5 5. Bc4 Be7 6. O-O c6 7. a4 h6 8. a5 Qc7 9. Re1 Nf8 10. Nh4 g6 11. h3 Ne6 12. d5 cxd5 13. Bb5+ Bd7 14. exd5 Ng7 15. a6 bxa6 16. Rxa6 O-O 17. Bxd7 Nxd7 18. Nf3 g5 19. Rc6 Qb7 20. Ne4 Nb8 21. Nxd6 Bxd6 22. Rxd6 f6 23. b3 Nf5 24. Re6 Ng7 25. Rd6 Qc7 26. Ba3 Qa5 27. Qa1 Nf5 28. Re6 Qxd5 29. R6xe5 fxe5 30. Bxf8 e4 31. g4 Nc6 32. c4 Qd3 33. gxf5 Rxf8 34. Re3 Qd7 35. Ne5 Qg7 36. Rxe4 Rxf5 37. Qa6 Nxe5 38. Qc8+ Rf8 39. Qe6+ Nf7 40. c5 Qc3 41. c6 Kg7 42. Rc4 Qa1+ 43. Kg2 Qe5 44. Qd7 Qd6 45. Qxa7 Qd5+ 46. Kg1 Re8 47. c7 Re1+ 48. Kh2 Qh1+ 49. Kg3 Rg1# 0-1


[Site "https://www.chess.com"]

[Event "Titled Tuesday Blitz May 17 Early 2022"]
[White "Zemlyanskii, Ivan"]
[Black "Bluebaum, Matthias"]
[WhiteFideId "24249971"]
[BlackFideId "24651516"]
[WhiteElo "1815"]
[BlackElo "2556"]
[Result "0-1"]
[Round "04"]
[TimeControl "180+1"]
[Date "2022.05.17"]
[WhiteClock "0:00:09"]
[BlackClock "0:02:13"]

1. d4 Nf6 2. c4 e6 3. Nf3 d5 4. e3 a6 5. b3 c5 6. Bd3 cxd4 7. exd4 Bb4+ 8. Bd2 Bxd2+ 9. Qxd2 b6 10. O-O Bb7 11. Ne5 dxc4 12. bxc4 Nbd7 13. Nxd7 Qxd7 14. Qe3 Rd8 15. d5 Nxd5 16. cxd5 Qxd5 17. Qg3 Qxd3 18. Qxg7 Qd4 19. Qxd4 Rxd4 20. Nc3 Rg8 21. g3 b5 22. Rfd1 Rxd1+ 23. Rxd1 Ke7 24. a3 Rc8 25. Rd3 a5 26. f4 b4 27. axb4 axb4 28. Na4 Bc6 29. Nb6 Rb8 30. Nc4 Bb5 31. Ne5 Bxd3 32. Nc6+ Kd6 33. Nxb8 Kc7 34. Kf2 Kxb8 35. Ke3 Bf5 36. Kd4 b3 37. Kc3 Bc2 38. g4 Kc7 39. h4 Kd6 40. h5 e5 41. fxe5+ Kxe5 42. g5 Kf5 43. g6 fxg6 44. hxg6 Kxg6 0-1


[Site "https://www.chess.com"]

[Event "Titled Tuesday Blitz May 17 Early 2022"]
[White "Zhigalko, Sergei"]
[Black "Khripachenko, Alexander"]
[WhiteFideId "13502956"]
[BlackFideId "54184975"]
[WhiteElo "2662"]
[BlackElo "2138"]
[Result "1-0"]
[Round "04"]
[TimeControl "180+1"]
[Date "2022.05.17"]
[WhiteClock "0:00:13"]
[BlackClock "0:00:04"]

1. e4 e5 2. Nf3 Nf6 3. d4 Nxe4 4. Bd3 Nc6 5. d5 Nc5 6. dxc6 e4 7. cxb7 Bxb7 8. Be2 exf3 9. Bxf3 Bxf3 10. Qxf3 Be7 11. O-O O-O 12. Rd1 c6 13. c4 Rb8 14. Nc3 Ne6 15. b3 Bf6 16. Bb2 Qa5 17. Na4 Bxb2 18. Nxb2 Rfd8 19. Nd3 d5 20. Ne5 Qc7 21. Re1 Rbc8 22. Rad1 d4 23. h4 c5 24. Re4 Re8 25. Rde1 Nf8 26. h5 h6 27. Qg4 Re6 28. Nxf7 Rxe4 29. Nxh6+ Kh7 30. Qf5+ Kxh6 31. Rxe4 Qd6 32. Qxc8 1-0


[Site "https://www.chess.com"]

[Event "Titled Tuesday Blitz May 17 Early 2022"]
[White "Abdusattorov, Nodirbek"]
[Black "Vokhidov, Shamsiddin"]
[WhiteFideId "14204118"]
[BlackFideId "14204223"]
[WhiteElo "2663"]
[BlackElo "2611"]
[Result "1/2-1/2"]
[Round "05"]
[TimeControl "180+1"]
[Date "2022.05.17"]
[WhiteClock "0:01:05"]
[BlackClock "0:00:42"]

1. c4 e5 2. Nc3 Nf6 3. Nf3 Nc6 4. e4 Bc5 5. Nxe5 Nxe5 6. d4 Bb4 7. dxe5 Nxe4 8. Qf3 Nxc3 9. bxc3 Ba5 10. Bf4 O-O 11. O-O-O d6 12. Kb2 Be6 13. Bd3 Qd7 14. exd6 cxd6 15. Bxd6 Rfd8 16. Be5 Qa4 17. Qg3 g6 18. Qf3 Rxd3 19. Qf6 Bxc3+ 20. Bxc3 Rxc3 21. Rd8+ Rxd8 22. Qxd8+ Kg7 23. Qd4+ f6 24. Qxc3 Bxc4 25. a3 Qb5+ 26. Ka1 Bf7 27. f3 Qd5 28. Qb2 b5 29. Rc1 a5 30. Rc7 b4 31. axb4 axb4 32. Kb1 Qd1+ 33. Qc1 Qb3+ 34. Qb2 Qd1+ 35. Qc1 Qb3+ 36. Qb2 Qd1+ 1/2-1/2


[Site "https://www.chess.com"]

[Event "Titled Tuesday Blitz May 17 Early 2022"]
[White "Antipov, Mikhail Al."]
[Black "Karacsonyi, Gellert"]
[WhiteFideId "4107012"]
[BlackFideId "764620"]
[WhiteElo "2512"]
[BlackElo "2187"]
[Result "1-0"]
[Round "05"]
[TimeControl "180+1"]
[Date "2022.05.17"]
[WhiteClock "0:00:07"]
[BlackClock "0:00:04"]

1. e4 e6 2. d4 d5 3. Nd2 Be7 4. Ngf3 Nf6 5. e5 Nfd7 6. Bd3 c5 7. c3 Nc6 8. O-O a5 9. a4 O-O 10. Re1 cxd4 11. cxd4 Qb6 12. Nb3 f6 13. exf6 Nxf6 14. h3 Bd7 15. Be3 Rac8 16. Bb5 Nb8 17. Bf1 Bb4 18. Re2 Ne4 19. Rc2 Nc6 20. Bd3 Nf6 21. Rac1 Bd6 22. Nc5 Rcd8 23. Ng5 Bxc5 24. Rxc5 Nb4 25. Bb1 Rc8 26. Nf3 Na6 27. Rxc8 Rxc8 28. Ne5 Rxc1 29. Qxc1 Qc7 30. Qxc7 Nxc7 31. Nxd7 Nxd7 32. Kf1 Kf7 33. Bd2 b6 34. Ke2 g6 35. Bf4 Na6 36. Bd3 Nb4 37. Bb5 Ke7 38. Kd2 Nf6 39. f3 Ne8 40. b3 Nd6 41. Be2 Nf5 42. Be5 Nc6 43. Kc3 Nxe5 44. dxe5 Kd7 45. f4 Kc6 46. g4 Ng3 47. Bd3 Kc5 48. h4 Nh1 49. h5 gxh5 50. g5 Nf2 51. Bxh7 h4 52. g6 d4+ 53. Kd2 Ng4 54. g7 Nh6 55. g8=Q Nxg8 56. Bxg8 h3 57. Bh7 Kb4 58. Kd3 h2 59. Be4 Kxb3 60. Bh1 Kxa4 61. f5 Kb5 62. f6 a4 63. f7 a3 64. f8=Q 1-0


[Site "https://www.chess.com"]

[Event "Titled Tuesday Blitz May 17 Early 2022"]
[White "Babazada, Khazar"]
[Black "Delgado Ramirez, Neuris"]
[WhiteFideId "13413554"]
[BlackFideId "3503631"]
[WhiteElo "2406"]
[BlackElo "2627"]
[Result "1-0"]
[Round "05"]
[TimeControl "180+1"]
[Date "2022.05.17"]
[WhiteClock "0:00:04"]
[BlackClock "0:01:05"]

1. Nf3 Nf6 2. g3 b5 3. Bg2 Bb7 4. O-O e6 5. d3 c5 6. Nbd2 Be7 7. e4 d6 8. a4 a6 9. e5 dxe5 10. Nxe5 Bxg2 11. Kxg2 b4 12. Qf3 Ra7 13. Re1 O-O 14. b3 Nd5 15. Bb2 Rc7 16. h4 Nc6 17. Nxc6 Rxc6 18. h5 Bf6 19. Bxf6 Qxf6 20. Qxf6 Nxf6 21. h6 g6 22. Nc4 Rd8 23. f3 Nd5 24. f4 Kf8 25. Kf3 Ne7 26. g4 Rc7 27. Na5 Nc6 28. Nxc6 Rxc6 29. Re4 Rd5 30. Rae1 Ke7 31. Re5 Rxe5 32. fxe5 Rc8 33. Re4 Rd8 34. Rc4 Rd5 35. Ke4 a5 36. g5 Ke8 37. d4 cxd4 38. Rc8+ Ke7 39. Ra8 Rc5 40. Kxd4 Rxc2 41. Rxa5 Rg2 42. Ra7+ Ke8 43. a5 Rd2+ 44. Kc5 Rd5+ 45. Kc6 Rxe5 46. a6 Rxg5 47. Kb6 1-0


[Site "https://www.chess.com"]

[Event "Titled Tuesday Blitz May 17 Early 2022"]
[White "Bachmann, Axel"]
[Black "Samunenkov, Ihor"]
[WhiteFideId "3700488"]
[BlackFideId "14187086"]
[WhiteElo "2587"]
[BlackElo "2409"]
[Result "1-0"]
[Round "05"]
[TimeControl "180+1"]
[Date "2022.05.17"]
[WhiteClock "0:00:52"]
[BlackClock "0:00:21"]

1. e4 c6 2. d4 d5 3. e5 c5 4. Nf3 cxd4 5. Qxd4 Nc6 6. Qf4 e6 7. Bd3 Bc5 8. Qg3 Nge7 9. Nc3 Ng6 10. h4 Nd4 11. h5 Ne7 12. Nxd4 Bxd4 13. Nb5 Bc5 14. Qxg7 Rg8 15. Qxh7 Rxg2 16. Be3 d4 17. Bd2 a6 18. Nd6+ Bxd6 19. exd6 Qxd6 20. O-O-O Bd7 21. Be4 Rxf2 22. Qh8+ 1-0


[Site "https://www.chess.com"]

[Event "Titled Tuesday Blitz May 17 Early 2022"]
[White "Bluebaum, Matthias"]
[Black "Tarigan, Gilbert Elroy"]
[WhiteFideId "24651516"]
[BlackFideId "7108133"]
[WhiteElo "2556"]
[BlackElo "1908"]
[Result "0-1"]
[Round "05"]
[TimeControl "180+1"]
[Date "2022.05.17"]
[WhiteClock "0:00:13"]
[BlackClock "0:00:06"]

1. d4 Nf6 2. c4 e6 3. Nc3 d5 4. cxd5 exd5 5. Bg5 c6 6. e3 Bd6 7. Bd3 Nbd7 8. Nf3 O-O 9. Qc2 h6 10. Bh4 Re8 11. Bg3 Nf8 12. Ne5 Nh5 13. f4 f6 14. Bf2 fxe5 15. dxe5 Bxe5 16. fxe5 Rxe5 17. O-O-O Nf6 18. e4 Bg4 19. Rd2 Qe7 20. Bd4 Re6 21. h3 Bh5 22. g4 Bg6 23. Bxf6 Rxf6 24. exd5 Bxd3 25. Qxd3 Rd8 26. Rhd1 Rfd6 27. Qc4 Qf7 28. Qa4 cxd5 29. Qxa7 d4 30. Rxd4 Rxd4 31. Rxd4 Qf2 32. Ra4 Qf1+ 33. Kc2 b5 34. Re4 Qd3+ 35. Kb3 Ne6 36. Qe3 Nd4+ 37. Rxd4 Qxd4 38. Qxd4 Rxd4 39. Nxb5 Rd3+ 40. Nc3 Rxh3 41. a4 Rg3 42. a5 Rxg4 43. Nd5 Rg5 44. Kc4 h5 45. a6 Rg1 46. Nb6 h4 47. a7 Ra1 48. a8=Q+ Rxa8 49. Nxa8 h3 50. Nc7 h2 51. b4 h1=Q 52. Nd5 Qe4+ 53. Kc5 Kf7 54. b5 Ke6 55. Nb6 Qe3+ 56. Kc6 g5 57. Nd7 Qc3+ 58. Nc5+ Ke7 59. b6 Qf3+ 60. Kc7 Qf4+ 61. Kc6 Qf3+ 62. Kc7 g4 63. b7 Qf4+ 64. Kc8 g3 65. Na6 g2 66. Nc7 Qf8+ 67. Ne8 Qxe8+ 68. Kc7 Qd8+ 69. Kc6 g1=Q 70. Kb5 Qb1+ 71. Ka4 Qd4+ 72. Ka5 Qdb6+ 73. Ka4 Qa6# 0-1


[Site "https://www.chess.com"]

[Event "Titled Tuesday Blitz May 17 Early 2022"]
[White "Bortnyk, Olexandr"]
[Black "Visakh N R"]
[WhiteFideId "14120828"]
[BlackFideId "25012223"]
[WhiteElo "2723"]
[BlackElo "2448"]
[Result "0-1"]
[Round "05"]
[TimeControl "180+1"]
[Date "2022.05.17"]
[WhiteClock "0:00:02"]
[BlackClock "0:00:39"]

1. d4 Nf6 2. Nc3 c5 3. d5 d6 4. e4 g6 5. f4 Bg7 6. e5 Nfd7 7. exd6 O-O 8. dxe7 Qxe7+ 9. Be2 b5 10. Nxb5 Ba6 11. a4 Nb6 12. d6 Qe4 13. Qd3 Qb4+ 14. c3 Qb3 15. Nf3 Nxa4 16. Ra3 Qxb5 17. Qxb5 Bxb5 18. Bxb5 Nb6 19. Kf2 a6 20. Be2 N8d7 21. Rd1 Nf6 22. Ne5 Ne4+ 23. Kf3 f5 24. Rxa6 Rxa6 25. Bxa6 Rd8 26. Be3 Na4 27. d7 Bxe5 28. fxe5 Kf7 29. Bb7 Nxb2 30. Rb1 Na4 31. Bxe4 fxe4+ 32. Kf4 Rxd7 33. Rb8 Nxc3 34. Bxc5 Ke6 35. Re8+ Kd5 36. Bd6 Nb5 37. Bb4 Nd4 38. Bd6 Ne6+ 39. Ke3 Rb7 40. Ra8 Rb3+ 41. Ke2 Nd4+ 42. Kd1 e3 0-1


[Site "https://www.chess.com"]

[Event "Titled Tuesday Blitz May 17 Early 2022"]
[White "Bryakin, Mikhail"]
[Black "Kim, Yoon-Young"]
[WhiteFideId "4165314"]
[BlackFideId "30908779"]
[WhiteElo "2417"]
[BlackElo "2109"]
[Result "1-0"]
[Round "05"]
[TimeControl "180+1"]
[Date "2022.05.17"]
[WhiteClock "0:01:00"]
[BlackClock "0:00:04"]

1. e4 e5 2. Nc3 Nf6 3. g3 d5 4. exd5 c6 5. dxc6 Nxc6 6. Bg2 Bg4 7. Nge2 Nd4 8. O-O Bb4 9. f3 Bf5 10. Nxd4 Qxd4+ 11. Kh1 h5 12. Ne2 Qd7 13. d4 e4 14. c3 Bd6 15. Bf4 h4 16. Bxd6 h3 17. Be5 hxg2+ 18. Kxg2 Bh3+ 19. Kg1 Bxf1 20. Qxf1 O-O-O 21. Nf4 Qc6 22. Bxf6 gxf6 23. fxe4 Qxe4 24. Re1 Qc6 25. Qg2 Qd6 26. Qe4 Kb8 27. Qe7 Qb6 28. Re2 Qa6 29. a3 Qc6 30. Qe4 Qb6 31. Qe7 Qb5 32. Qxf6 Rhe8 33. Rf2 Qd7 34. Kg2 Re7 35. h4 Rde8 36. h5 Re1 37. h6 Rc1 38. h7 Qc6+ 39. Qxc6 bxc6 40. Nd3 Rd1 41. Ne5 Rh8 42. Rxf7 Rd2+ 43. Kf3 Rxb2 44. Ng6 1-0


[Site "https://www.chess.com"]

[Event "Titled Tuesday Blitz May 17 Early 2022"]
[White "Csonka, Balazs"]
[Black "Zakhartsov, Vladimir"]
[WhiteFideId "742910"]
[BlackFideId "4145097"]
[WhiteElo "2404"]
[BlackElo "2428"]
[Result "1/2-1/2"]
[Round "05"]
[TimeControl "180+1"]
[Date "2022.05.17"]
[WhiteClock "0:00:04"]
[BlackClock "0:00:17"]

1. d4 Nf6 2. c4 g6 3. Nc3 d5 4. cxd5 Nxd5 5. e4 Nxc3 6. bxc3 Bg7 7. Nf3 c5 8. Rb1 O-O 9. Be2 b6 10. O-O Bb7 11. Qd3 Nd7 12. Rd1 Qc7 13. Bg5 e6 14. Qe3 Rfe8 15. Bf4 e5 16. Bg3 cxd4 17. cxd4 exd4 18. Bxc7 dxe3 19. Rxd7 Bxe4 20. Rbd1 exf2+ 21. Kxf2 Bf5 22. Rd8 Bf6 23. Rxa8 Rxa8 24. Nd4 Rc8 25. Bf4 Bd7 26. Nb5 Be6 27. Nxa7 Ra8 28. Nc6 Rxa2 29. Rd2 Ra4 30. Be5 Kg7 31. Bxf6+ Kxf6 32. Rb2 Ra2 33. Rxb6 Kg7 34. Nd4 Bd5 35. Rb5 Be4 36. Re5 Ba8 37. Re3 Bd5 38. Nf3 h6 39. Rd3 Be6 40. Rd2 Ra7 41. Nd4 Bd7 42. g4 Rc7 43. h4 Ra7 44. Bf3 Ra4 45. h5 Kf6 46. hxg6 fxg6 47. Kg3 Kg5 48. Be2 Kf6 49. Nf3 Bxg4 50. Rd6+ Kg7 51. Rd4 Bxf3 52. Rd7+ Kf6 53. Bxf3 Ra6 54. Rb7 Ra5 55. Rb6+ Kg7 56. Be4 Rg5+ 57. Kf4 Kf7 58. Rb7+ Kf6 59. Rb6+ Kf7 60. Rd6 Kg7 61. Bd5 Rf5+ 62. Ke4 h5 63. Rd7+ Kh6 64. Ke3 Rf6 65. Be4 Kg5 66. Rd1 Kh6 67. Rd8 Kg5 68. Rd1 Kh6 69. Rd8 Kg5 70. Rd1 1/2-1/2


[Site "https://www.chess.com"]

[Event "Titled Tuesday Blitz May 17 Early 2022"]
[White "Donchenko, Alexander"]
[Black "Dubov, Daniil"]
[WhiteFideId "24603295"]
[BlackFideId "24126055"]
[WhiteElo "2572"]
[BlackElo "2791"]
[Result "1/2-1/2"]
[Round "05"]
[TimeControl "180+1"]
[Date "2022.05.17"]
[WhiteClock "0:01:41"]
[BlackClock "0:01:30"]

1. Nf3 d5 2. d4 Nf6 3. c4 c6 4. e3 Bf5 5. Nc3 e6 6. Nh4 Bg6 7. Bd2 Nbd7 8. Be2 Be7 9. Qb3 Qc7 10. Rc1 Qb6 11. Nxg6 hxg6 12. h3 Rd8 13. O-O Qxb3 14. axb3 O-O 15. Rfd1 a6 16. Be1 Rc8 17. Bf3 Rfd8 18. h4 Ne8 19. g3 Nd6 20. Be2 Nf5 21. Kg2 Re8 22. Rc2 Nf6 23. Na4 Ne4 24. Rcc1 Rb8 25. Nc3 Nf6 26. Ra1 Red8 27. Bd3 Nd6 1/2-1/2


[Site "https://www.chess.com"]

[Event "Titled Tuesday Blitz May 17 Early 2022"]
[White "Drygalov, Sergey"]
[Black "Andreikin, Dmitry"]
[WhiteFideId "24171743"]
[BlackFideId "4158814"]
[WhiteElo "2514"]
[BlackElo "2736"]
[Result "0-1"]
[Round "05"]
[TimeControl "180+1"]
[Date "2022.05.17"]
[WhiteClock "0:00:09"]
[BlackClock "0:00:06"]

1. d4 Nf6 2. c4 e6 3. Nf3 b6 4. g3 Bb7 5. Bg2 Be7 6. O-O O-O 7. Re1 Qc8 8. Nc3 Ne4 9. h4 h6 10. Qc2 Nxc3 11. bxc3 Nc6 12. e4 Na5 13. Nd2 Ba6 14. Bf1 f5 15. exf5 Rxf5 16. Bd3 Rf7 17. Qd1 Qf8 18. Qe2 Bb7 19. Ne4 Rf3 20. Nd2 Rxd3 21. Qxd3 Qf7 22. f4 Rf8 23. Nf3 Qh5 24. Ne5 Bxh4 25. g4 Bf2+ 26. Kxf2 Qh2+ 27. Ke3 Qxf4+ 28. Ke2 Qf2+ 29. Kd1 d6 30. Be3 Qb2 31. Rb1 Qxa2 32. Ng6 Rf6 33. d5 Nxc4 34. g5 Rf3 35. Ne7+ Kf8 36. Ng6+ Ke8 37. Nf4 Nxe3+ 38. Rxe3 Rxe3 39. Qxe3 Qxb1+ 40. Kd2 Qf5 41. gxh6 gxh6 42. dxe6 Qe4 43. Qg3 Kf8 44. Ng6+ Ke8 45. Nf4 Kf8 46. Qh4 Bc6 47. Qf6+ Ke8 48. Qf7+ Kd8 49. Qf8+ Be8 50. Qf6+ Kc8 51. Qf8 Kb7 52. Qxe8 Qxf4+ 53. Kc2 Qe4+ 54. Kb2 Qe2+ 55. Kb3 Qd1+ 56. Kb2 Qd2+ 57. Kb3 Qd1+ 58. Kb2 Qe2+ 59. Kb3 b5 60. e7 a5 61. Qd7 a4+ 62. Ka3 Qc4 63. Kb2 a3+ 64. Kxa3 Qxc3+ 65. Ka2 Qc2+ 66. Ka1 Qc1+ 67. Ka2 Qc2+ 68. Ka1 Qa4+ 69. Kb1 Qb4+ 70. Kc2 Qc4+ 71. Kd2 Qd4+ 72. Ke2 Qe4+ 73. Kf2 Qf4+ 74. Kg2 Qg5+ 75. Kh3 Qh5+ 76. Kg3 Qg5+ 77. Kf3 Qd5+ 78. Kg4 Qg2+ 79. Kh5 Qg5# 0-1


[Site "https://www.chess.com"]

[Event "Titled Tuesday Blitz May 17 Early 2022"]
[White "Grischuk, Alexander"]
[Black "Neiksans, Arturs"]
[WhiteFideId "4126025"]
[BlackFideId "11601388"]
[WhiteElo "2762"]
[BlackElo "2447"]
[Result "0-1"]
[Round "05"]
[TimeControl "180+1"]
[Date "2022.05.17"]
[WhiteClock "0:00:25"]
[BlackClock "0:00:46"]

1. d4 f5 2. Bg5 g6 3. Nc3 Bg7 4. h4 h6 5. Bf4 d6 6. e4 Nc6 7. Nf3 fxe4 8. Nxe4 Bg4 9. Bb5 a6 10. Bxc6+ bxc6 11. Qd3 Qd7 12. O-O-O Qf5 13. Qe3 Nf6 14. Nxf6+ Bxf6 15. Rde1 Qa5 16. Kb1 Rb8 17. c3 Kf7 18. Ka1 Bf5 19. Qd2 Rb5 20. c4 Rb4 21. Re3 Rhb8 22. Rb3 c5 23. Bxh6 Qa4 24. Rxb4 Rxb4 25. Bg5 Bc2 26. Bxf6 Qxa2+ 0-1


[Site "https://www.chess.com"]

[Event "Titled Tuesday Blitz May 17 Early 2022"]
[White "Gunina, Valentina"]
[Black "Sadhwani, Raunak"]
[WhiteFideId "4167570"]
[BlackFideId "35093487"]
[WhiteElo "2381"]
[BlackElo "2616"]
[Result "0-1"]
[Round "05"]
[TimeControl "180+1"]
[Date "2022.05.17"]
[WhiteClock "0:00:06"]
[BlackClock "0:00:30"]

1. d4 g6 2. c4 Bg7 3. Nf3 d6 4. Nc3 Nf6 5. e4 O-O 6. Be2 Bg4 7. Be3 Nbd7 8. h3 Bxf3 9. Bxf3 c5 10. d5 Re8 11. O-O a6 12. Be2 e6 13. dxe6 Rxe6 14. Qc2 Qe8 15. Rad1 Rd8 16. f3 Nb8 17. Nd5 Nxd5 18. cxd5 Re7 19. Bg5 f6 20. Bd2 Nd7 21. a4 Rc8 22. Rfe1 Qf7 23. b4 Rce8 24. Rb1 f5 25. Bg5 Bf6 26. Bf4 fxe4 27. Bxd6 exf3 28. gxf3 Bd4+ 29. Kg2 Qf5 30. Qxf5 Rxe2+ 31. Rxe2 Rxe2+ 32. Kf1 Rf2+ 33. Ke1 gxf5 34. bxc5 Nxc5 35. Rd1 Be3 36. Bxc5 Bxc5 37. d6 Rg2 38. Rd5 Bb6 39. d7 Bd8 40. Re5 Kf7 41. Rxf5+ Ke6 42. Rh5 Rg7 43. Ke2 Kxd7 44. Kd3 Rf7 45. Ke4 Bc7 46. Rh6 Rf4+ 47. Kd5 Rf5+ 48. Ke4 Rf7 49. h4 Kc8 50. Rh5 Rf4+ 51. Ke3 Rxa4 52. Rxh7 b5 53. h5 Rh4 54. Kd3 a5 55. h6 b4 56. Rh8+ Kb7 57. h7 a4 58. f4 b3 59. Kc3 Rh2 60. Re8 Rxh7 61. Re4 Rh3+ 62. Kb2 Rh2+ 63. Kb1 Kc6 64. Rxa4 Kb5 65. Re4 Ba5 66. f5 Bc3 0-1


[Site "https://www.chess.com"]

[Event "Titled Tuesday Blitz May 17 Early 2022"]
[White "Gurevich, Dmitry"]
[Black "Abdrlauf, Elham"]
[WhiteFideId "2000407"]
[BlackFideId "1533533"]
[WhiteElo "2506"]
[BlackElo "2371"]
[Result "0-1"]
[Round "05"]
[TimeControl "180+1"]
[Date "2022.05.17"]
[WhiteClock "0:00:07"]
[BlackClock "0:00:11"]

1. d4 Nf6 2. c4 e6 3. Nf3 d5 4. Nc3 c6 5. e3 Nbd7 6. Qc2 Bd6 7. b3 O-O 8. Be2 b6 9. O-O Bb7 10. Bb2 Rc8 11. Rad1 Qe7 12. Rfe1 Rfe8 13. Bf1 c5 14. cxd5 Nxd5 15. Nxd5 Bxd5 16. Qe2 c4 17. e4 c3 18. exd5 cxb2 19. Qxb2 Bb4 20. Re3 Nf6 21. dxe6 fxe6 22. Bc4 Qd6 23. Ng5 Nd5 24. Qb1 g6 25. Qe4 Nxe3 26. fxe3 Rc7 27. Rf1 a6 28. Rf6 b5 29. Bxe6+ Kg7 30. Rf1 h6 31. d5 hxg5 32. Qd4+ Kh7 33. Qf6 Rf8 34. Qxg5 Rxf1+ 35. Kxf1 Qe7 36. Qg3 Qf6+ 37. Ke2 Rc2+ 38. Kd3 Rc3+ 39. Ke4 Bc5 0-1


[Site "https://www.chess.com"]

[Event "Titled Tuesday Blitz May 17 Early 2022"]
[White "Hasangatin, Ramil"]
[Black "Meshkovs, Nikita"]
[WhiteFideId "4122160"]
[BlackFideId "11602740"]
[WhiteElo "2399"]
[BlackElo "2506"]
[Result "0-1"]
[Round "05"]
[TimeControl "180+1"]
[Date "2022.05.17"]
[WhiteClock "0:00:15"]
[BlackClock "0:00:11"]

1. e4 c5 2. Nf3 Nc6 3. Bb5 g6 4. O-O Bg7 5. c3 Nf6 6. Qa4 O-O 7. d4 cxd4 8. cxd4 d6 9. d5 Nb8 10. Nc3 a6 11. Be3 Bg4 12. Be2 b5 13. Qb4 Nbd7 14. a4 a5 15. Qxb5 Rb8 16. Qd3 Bxf3 17. Bxf3 Rxb2 18. Bd4 Rb4 19. Rab1 Qb8 20. Rxb4 Qxb4 21. Rb1 Qa3 22. Qe3 Rc8 23. Be2 h5 24. h3 Ne8 25. Bb5 Bxd4 26. Qxd4 Qxc3 27. Qxc3 Rxc3 28. Bxd7 Nf6 29. Rb8+ Kg7 30. Bb5 Nxe4 31. g4 h4 32. Ra8 Rxh3 33. Rxa5 Ra3 34. Ra8 Nc3 35. Bc6 Ne2+ 36. Kf1 Nf4 37. Kg1 h3 38. a5 Ra1+ 39. Kh2 Rf1 40. Kg3 Rg1+ 41. Kh2 Rg2+ 42. Kh1 Nd3 0-1


[Site "https://www.chess.com"]

[Event "Titled Tuesday Blitz May 17 Early 2022"]
[White "Indjic, Aleksandar"]
[Black "Gallego Alcaraz, Andres Felipe"]
[WhiteFideId "911925"]
[BlackFideId "4402669"]
[WhiteElo "2616"]
[BlackElo "2340"]
[Result "1-0"]
[Round "05"]
[TimeControl "180+1"]
[Date "2022.05.17"]
[WhiteClock "0:01:07"]
[BlackClock "0:00:20"]

1. e4 c5 2. f4 Nc6 3. Bb5 Nd4 4. Bc4 e6 5. Nf3 a6 6. Nxd4 cxd4 7. Qe2 Nf6 8. Bb3 d5 9. e5 Nd7 10. d3 Nc5 11. O-O a5 12. a3 Nxb3 13. cxb3 Qb6 14. Nd2 Be7 15. Nf3 Bd7 16. Kh1 O-O 17. Nxd4 Rac8 18. Be3 Bc5 19. Qf2 Bb5 20. Rad1 g6 21. h4 h5 22. g4 hxg4 23. Rg1 Kg7 24. Rxg4 Rh8 25. f5 exf5 26. Nxf5+ Kf8 27. Bxc5+ Qxc5 28. Nd4 Qe7 29. Nxb5 Qd7 30. Rf1 Rh7 31. Rxg6 Qxb5 32. Qg3 Re8 33. Qg5 Rh8 34. Rxf7+ Kxf7 35. Qf6# 1-0


[Site "https://www.chess.com"]

[Event "Titled Tuesday Blitz May 17 Early 2022"]
[White "Karolczuk, Iwo"]
[Black "Molina, Roberto Junio Brito"]
[WhiteFideId "21816972"]
[BlackFideId "2109450"]
[WhiteElo "2258"]
[BlackElo "2432"]
[Result "1/2-1/2"]
[Round "05"]
[TimeControl "180+1"]
[Date "2022.05.17"]
[WhiteClock "0:00:15"]
[BlackClock "0:00:05"]

1. d4 d5 2. Nf3 Nf6 3. c4 c6 4. e3 Bf5 5. Bd3 Bxd3 6. Qxd3 e6 7. O-O Nbd7 8. Nc3 Be7 9. e4 dxe4 10. Nxe4 O-O 11. Bf4 Nxe4 12. Qxe4 a5 13. Rac1 Qb6 14. Qe2 Rfe8 15. Rfd1 a4 16. h3 Qa5 17. Ne5 Nxe5 18. Bxe5 f6 19. Bg3 Bf8 20. Rc3 Rad8 21. Re3 Kf7 22. a3 Qf5 23. Rf3 Qa5 24. Re3 Rd7 25. Qc2 g6 26. Qe2 Bg7 27. Re1 Rxd4 28. Rxe6 Qxe1+ 29. Qxe1 Rxe6 30. Qb4 b5 31. Qa5 Rxc4 32. Qd8 f5 33. Bd6 Rxd6 34. Qxd6 Bf8 35. Qd7+ Be7 36. g4 h5 37. gxf5 gxf5 38. Qxf5+ Bf6 39. Qxh5+ Ke7 40. Qh7+ Ke6 41. Qg8+ Kd6 42. Qf8+ Ke6 43. Qe8+ Kd6 44. Qf8+ Ke6 45. Qe8+ Kd6 46. Qg6 Ke7 47. Qh7+ Ke6 48. Qg8+ Kd6 49. Qf8+ 1/2-1/2


[Site "https://www.chess.com"]

[Event "Titled Tuesday Blitz May 17 Early 2022"]
[White "Kosteniuk, Alexandra"]
[Black "Shipov, Sergei"]
[WhiteFideId "4128125"]
[BlackFideId "4113624"]
[WhiteElo "2469"]
[BlackElo "2773"]
[Result "0-1"]
[Round "05"]
[TimeControl "180+1"]
[Date "2022.05.17"]
[WhiteClock "0:00:01"]
[BlackClock "0:01:30"]

1. e4 e6 2. d4 d5 3. Nc3 Bb4 4. a3 Bxc3+ 5. bxc3 dxe4 6. Qg4 Nf6 7. Qxg7 Rg8 8. Qh6 Bd7 9. Bb2 c5 10. dxc5 Bc6 11. Ne2 Nbd7 12. c4 Qa5+ 13. Bc3 Qxc5 14. Bxf6 Rg6 15. Bd4 Rxh6 16. Bxc5 Nxc5 17. Nd4 O-O-O 18. O-O-O f5 19. Nxc6 Rxd1+ 20. Kxd1 bxc6 21. Kd2 Rg6 22. g3 Kc7 23. Kc3 Rg8 24. Be2 Rd8 25. Rd1 Rxd1 26. Bxd1 a5 27. Kd4 Kd6 28. f3 exf3 29. Bxf3 e5+ 30. Ke3 e4 31. Bh5 Ne6 32. Be8 Ng7 33. Bf7 Ke5 34. c5 Ne6 35. Bxe6 Kxe6 36. Kd4 h5 37. a4 Kf6 38. Ke3 Ke5 39. c4 Kf6 40. Kf4 Ke6 41. Ke3 Ke5 42. h4 Ke6 43. Kd4 Kf6 0-1


[Site "https://www.chess.com"]